 Seeded DCSS version 0.29.0-13-gc9e81de378 (webtiles) character file.

Game seed: 9997410970728886651 (custom seed)

1066 nickcage the Spear-Bearer (level 8, -5/56 HPs)
             Began as a Merfolk Gladiator on Sept 8, 2022.
             Slain by an orc warrior
             ... wielding a +0 long sword
              (13 damage)
             ... on level 5 of the Dungeon.
             The game lasted 00:08:03 (4052 turns).

nickcage the Spear-Bearer (Merfolk Gladiator)       Turns: 4052, Time: 00:08:04

Health: -5/56      AC:  9    Str: 23    XL:     8   Next: 28%
Magic:  8/8        EV:  9    Int:  7    God:
Gold:   192        SH:  0    Dex: 15    Spells: 7/7 levels left

rFire   + + .      SeeInvis .   o - +9 glaive of Aclucef {vorpal, rPois rF+}
rCold   . . .      Faith    .   (shield currently unavailable)
rNeg    . . .      Spirit   .   q - +0 chain mail
rPois   +          Reflect  .   c - +0 helmet
rElec   .          Harm     .   (no cloak)
rCorr   .          Rampage  .   (no gloves)
Will    .....                   (no boots)
Stlth   ..........              (no amulet)
HPRegen 0.18/turn               p - +6 ring of strength
MPRegen 0.11/turn               s - ring of protection from fire

@: no status effects
A: (nimble swimmer 2), mertail
a: no special abilities


You were on level 5 of the Dungeon.
You visited 2 branches of the dungeon, and saw 7 of its levels.

You collected 192 gold pieces.

Inventory:

Hand Weapons
 a - a +0 trident
 o - the +9 glaive of Aclucef (weapon) {vorpal, rPois rF+}
   (You found it on level 2 of the Dungeon)

   It inflicts extra damage upon your enemies.
   rF:        It protects you from fire.
   rPois:     It protects you from poison.
Missiles
 d - 3 throwing nets
 e - a javelin (quivered)
Armour
 b - a +0 leather armour
 c - a +0 helmet (worn)
 i - a +0 ring mail
 q - a +0 chain mail (worn)
Jewellery
 f - a +6 ring of intelligence
 g - a ring of fire
 p - a +6 ring of strength (left hand)
 s - a ring of protection from fire (right hand)
Wands
 v - a wand of flame (55)
 A - a wand of acid (4)
Scrolls
 h - 2 scrolls of immolation {unknown}
 k - 4 scrolls of identify {unknown}
 m - 2 scrolls of magic mapping {unknown}
 r - a scroll of amnesia {unknown}
 t - 3 scrolls of teleportation {unknown}
 x - a scroll of poison {unknown}
 y - a scroll of fog {unknown}
 C - a scroll of noise {unknown}
 E - a scroll of vulnerability {unknown}
Potions
 j - 2 potions of lignification {unknown}
 l - 3 potions of heal wounds {unknown}
 n - a potion of magic {unknown}
 u - 2 potions of berserk rage {unknown}
 w - 2 potions of invisibility {unknown}
 z - a potion of mutation {unknown}
 B - a potion of brilliance {unknown}
 D - 2 potions of curing {unknown}
 F - a potion of haste {unknown}
 G - a potion of flight {unknown}


   Skills:
 - Level 2.1 Fighting
 + Level 12.8 Polearms
 - Level 2.0 Throwing
 - Level 4.0 Dodging


You had 7 spell levels left.
You didn't know any spells.
Your spell library contained the following spells:

 Spells                   Type           Power      Damage    Failure   Level
 Confusing Touch          Hex            0%         N/A       100%        3
 Yara's Violent Unravell  Hex/Tmut       0%         3d3       100%        5
 Enfeeble                 Hex            0%         N/A       100%        7


Dungeon Overview and Level Annotations

Branches:
Dungeon (6/15)             Temple (1/1) D:4

Altars:
Ashenzari
Cheibriados
Dithmenos
Fedhas
Gozag
Kikubaaqudgha
Nemelex Xobeh
Okawaru
Qazlal
Trog
Vehumet
Wu Jian
Yredelemnul
Zin
The Shining One

Annotations:
D:5 Blork the orc


Innate Abilities, Weirdness & Mutations

((You are very nimble when in or above water. (Stealth+, EV+, Speed+++)))
Your lower body shifts to a powerful aquatic tail in water.


Message History

a +0 whip; a +0 ring mail You now have 177 gold pieces (gained 10).
You now have 192 gold pieces (gained 15).
Blork the orc comes into view.
He is wielding a +3 antimagic hand axe.
Found 8 gold pieces.
Blork the orc shouts!
Blork the orc miscasts a cantrip.
A wight and 2 orc warriors come into view.
Found a runed triple sword.
The orc warrior shouts! x2
The wight moves out of view.
The orc warrior moves out of view.
You reach to attack!
You barely miss the orc warrior.
Blork the orc casts a spell.
Blork the orc seems to speed up.
The orc warrior blocks your attack.
The orc warrior hits you but does no damage.
You slash the orc warrior!
The orc warrior is moderately wounded.
The orc warrior completely misses you.
The orc warrior hits you with a +0 long sword.
The orc warrior attacks as you move away!
The orc warrior hits you with a +0 long sword!
Blork the orc looks satisfied for a moment.
You closely miss the orc warrior.
The orc warrior is moderately wounded.
The orc warrior hits you with a +0 long sword!
The orc warrior blocks your attack.
The orc warrior is moderately wounded.
The orc warrior misses you.
The orc warrior attacks as you move away!
The orc warrior hits you with a +0 long sword!
* * * LOW HITPOINT WARNING * * *
There is a stone staircase leading down here.
The orc warrior attacks as you move away!
The orc warrior hits you with a +0 long sword!
* * * LOW HITPOINT WARNING * * *
Blork the orc miscasts a cantrip.
There is a stone staircase leading up here.
The orc warrior hits you with a +0 long sword!
You die...

.... ##...## #..# ## #..
#.###.###..# #.z####.#
#......#
#.o..z..###.#.##.#
......####.....##.##.#
.#### #o>#.###.##.#
#####.o#.##...#.#
##.....o.....#...#
.......@†.##...###
##........###.##
..........# #.# ###
##.......)###.###.######
#.................)....
.....#........###.######
.###...######## ### ##.#
#.


You could see Blork the orc (fast), 2 orc warriors and a wight.

Vanquished Creatures
  A steam dragon (D:4)
  2 sky beasts (D:6)
  An ogre (D:5)
  A centaur (D:5)
  4 scorpions
  2 hounds
  2 orc priests
  2 iguanas
  3 gnolls (D:4)
  6 adders
  3 dart slugs
  A worm (D:2)
  12 orcs
  13 endoplasms
  6 goblins
  10 hobgoblins
  2 jackals (D:2)
  4 quokkas
  7 ball pythons
  7 bats
  4 frilled lizards (D:1)
  3 kobolds
  9 rats
105 creatures vanquished.

Vanquished Creatures (others)
  An endoplasm (D:4)
  A plant (D:4)
2 creatures vanquished.

Grand Total: 107 creatures vanquished

Notes
Turn   | Place    | Note
-------+----------+-------------------------------------------
     0 | D:1      | nickcage the Merfolk Gladiator began the quest for the Orb.
     0 | D:1      | Reached XP level 1. HP: 16/16 MP: 1/1
    10 | D:1      | Noticed a snapping turtle
    10 | D:1      | Noticed a six-headed hydra
    10 | D:1      | Noticed a lindwurm
    11 | D:1      | Noticed an anaconda
    11 | D:1      | Noticed a polar bear
   191 | D:1      | Reached XP level 2. HP: 22/22 MP: 2/2
   268 | D:1      | Reached skill level 5 in Polearms
   637 | D:1      | Reached XP level 3. HP: 20/27 MP: 3/3
   814 | D:1      | Found a faded altar of an unknown god.
  1444 | D:2      | Reached skill level 6 in Polearms
  1549 | D:2      | Identified the +9 glaive of Aclucef {vorpal, rPois rF+}
  1559 | D:2      | Reached XP level 4. HP: 33/33 MP: 4/4
  1589 | D:2      | Identified the +0 leather armour of Divine Intervention
                  | {rElec rCorr}
  1676 | D:2      | Found a blossoming altar of Fedhas.
  1947 | D:3      | Reached skill level 7 in Polearms
  1954 | D:3      | Reached XP level 5. HP: 38/38 MP: 5/5
  2069 | D:3      | Found a shadowy altar of Dithmenos.
  2587 | D:4      | Found a staircase to the Ecumenical Temple.
  2600 | D:4      | Noticed a steam dragon
  2606 | D:4      | Killed a steam dragon
  2607 | D:4      | Reached skill level 9 in Polearms
  2607 | D:4      | Reached XP level 6. HP: 35/44 MP: 6/6
  2613 | Temple   | Entered the Ecumenical Temple
  2948 | D:4      | You fall into a shaft and drop 2 floors!
  2956 | D:6      | Noticed a sky beast
  2962 | D:6      | Killed a sky beast
  2971 | D:6      | Noticed a sky beast
  2973 | D:6      | Reached skill level 10 in Polearms
  2973 | D:6      | Reached XP level 7. HP: 50/50 MP: 7/7
  2992 | D:5      | Entered Level 5 of the Dungeon
  2997 | D:5      | Reached skill level 11 in Polearms
  3250 | D:5      | Reached skill level 12 in Polearms
  3250 | D:5      | Reached XP level 8. HP: 51/56 MP: 8/8
  4038 | D:5      | Noticed Blork the orc
  4052 | D:5      | Slain by an orc warrior

Illustrated notes

Levels and vault maps discovered:
D:1:      onia_arrival_zoo_common, layout_basic, basic_ecumenical_altar,
          minmay_bisected
D:2:      layout_rooms, basic_altar
D:3:      layout_basic, nicolae_dithmenos_the_darkroom
D:4:      layout_gridville, minmay_temple_entry_overgrown, st_stairs_5
D:5:      layout_loops_ring, st_stairs_11, sword_in_stone
D:6:      layout_basic, nicolae_uskayaw_dance_hall
Temple:   eino_temple_water

Skill      XL: |  1  2  3  4  5  6  7 |
---------------+----------------------+-----
Polearms       | 5 6 7 9 10 12 | 12.8
Fighting       | |  2.1
Throwing       | |  2.0
Dodging        | |  4.0

Action                   |  1- 3 |  4- 6 |  7- 9 || total
-------------------------+-------+-------+-------++-------
Melee: Trident           |    81 |       |       ||    81
       Glaive            |     2 |    63 |    49 ||   114
Throw: Javelin           |       |     1 |       ||     1
 Stab: Sleeping          |     1 |       |       ||     1
Armor: Leather armour    |     3 |       |       ||     3
       Ring mail         |    12 |       |       ||    12
       Chain mail        |       |    22 |    18 ||    40
Dodge: Dodged            |    24 |    18 |    12 ||    54
